 Dungeon Crawl Stone Soup version 0.31-a0-1139-gec03705108 (webtiles) character file.

Game seed: 6705935023428816452

329 James the Ruffian (level 6, 0/50 HPs)
             Began as a Draconian Shapeshifter on Dec 6, 2023.
             Slain by an orc warrior
             ... wielding a +0 war axe
              (12 damage)
             ... on level 6 of the Dungeon.
             The game lasted 00:09:30 (2436 turns).

James the Ruffian (Draconian Shapeshifter)          Turns: 2436, Time: 00:09:31

Health: 0/50       AC:  6    Str: 19    XL:     6   Next: 25%
Magic:  6/6        EV: 12    Int: 10    God:
Gold:   205        SH:  0    Dex: 10    Spells: 5/5 levels left

rFire   . .          .
                       - Unarmed
rCold   . . .        (no shield)
rNeg    . . .        (body armour unavailable)
rPois   .            (helmet currently unavailable)
rElec   .            (cloak currently unavailable)
rCorr   .            (gloves currently unavailable)
SInv    .            (boots currently unavailable)
Will    .....        (no amulet)
Stlth   +            (no ring)
HPRegen 0.28/turn    (no ring)
MPRegen 0.10/turn

%: no passive effects
@: beast-form
A: beast (slay +2), AC +6, unfitting armour, cold-blooded
a: Begin Untransformation


You were on level 6 of the Dungeon.
You were a hulking beast.
You visited 1 branch of the dungeon, and saw 5 of its levels.

You collected 205 gold pieces.

Inventory:

Hand Weapons
 f - a +1 dagger of venom
   (You took it off a kobold on level 3 of the Dungeon)
 w - a +0 spear
   (You found it on level 3 of the Dungeon)
 z - a +0 sling
   (You took it off a goblin on level 3 of the Dungeon)
 A - a +0 trident
   (You took it off an orc priest on level 3 of the Dungeon)
Missiles
 e - 2 throwing nets {!f}
 g - 8 stones
 m - 6 javelins
 y - 2 boomerangs
Armour
 l - a +0 cloak
   (You found it on level 1 of the Dungeon)
Talismans
 b - a beast talisman
 c - a flux talisman
 r - a maw talisman
   (You found it on level 2 of the Dungeon)
Wands
 t - a wand of flame (24)
   (You found it on level 6 of the Dungeon)
 x - a wand of polymorph (8)
   (You found it on level 3 of the Dungeon)
Scrolls
 d - a scroll of teleportation {@r4}
 k - a scroll of vulnerability {!r}
 p - a scroll of identify {@r1}
 q - a scroll of blinking
Potions
 a - 2 potions of lignification {!q}
 h - a potion of brilliance {unknown}
 i - a potion of enlightenment {unknown}
 n - a potion of curing {unknown}
 o - a potion of invisibility {unknown}


   Skills:
 + Level 2.5 Fighting
 - Level 2.0 Dodging
 - Level 6.0 Unarmed Combat
 - Level 4.0 Shapeshifting


You had 5 spell levels left.
You didn't know any spells.
Your spell library contained the following spells:

 Spells                   Type           Power      Damage    Failure   Level
 Passage of Golubria      Tloc           0%         N/A       98%         4
 Silence                  Hex/Air        0%         N/A       100%        5
 Lehudib's Crystal Spear  Conj/Erth      0%         10d2      100%        8


Dungeon Overview and Level Annotations

Branches:
Dungeon (4/15)
 Temple: D:4-7

Altars:

Shops:
D:4 (

Annotations:
D:3 4 runed translucent doors, Crazy Yiuf; tish's ghost, amateur KoBr


Innate Abilities, Weirdness & Mutations

You are a hulking beast.
Your limbs bulge with bestial killing power. (Slay +2)
Your plain brown scales are hard. (AC +6)
You cannot fit into any form of body armour.
You are cold-blooded and may be slowed by cold attacks.


Message History

You need to enable at least one skill for training.
You have reached level 6!
Your scales feel tougher.
You are a hulking beast.
Your movement speed is average.
Your attack delay is about 0.8.
Your damage rating with unarmed combat is about 13 (Base [3 + 6 (UC)] x 122% (Str) x 104% (Fight) + 2 (Slay)).
Things that are here:
a +0 orcbow; a centaur corpse You open the door.
Found a glowing iron wand.
There is an open door here.
t - a wand of flame (24);
f - a +1 dagger of venom
Found a clear potion.
You now have 205 gold pieces (gained 14).
i - a clear potion Something unseen opens the door.
Found a leather armour.
An orc warrior comes into view. It is wielding a +0 war axe.
The orc warrior shouts!
You hear a shout! x2
Throw: 3 darts (poison)
Press: ? - help, Q - select action, (/) - cycle Shift-Dir - straight line, f - orc warrior
Aim: an orc warrior, wielding a +0 war axe and wearing a +0 chain mail (53% to hit)
You throw a poisoned dart. The poisoned dart hits the orc warrior.
The orc warrior is poisoned.
Throw: 2 darts (poison)
Press: ? - help, Q - select action, (/) - cycle Shift-Dir - straight line, f/p - orc warrior
Aim: an orc warrior, wielding a +0 war axe and wearing a +0 chain mail (lightly wounded, poisoned, 52% to hit)
You throw a poisoned dart. The poisoned dart hits the orc warrior.
Throw: dart (poison)
Press: ? - help, Q - select action, (/) - cycle Shift-Dir - straight line, f/p - orc warrior
Aim: an orc warrior, wielding a +0 war axe and wearing a +0 chain mail (lightly wounded, poisoned, 53% to hit)
You throw a poisoned dart.
The poisoned dart closely misses the orc warrior.
An orc comes into view. It is wielding a +0 morningstar.
You hit the orc warrior. The orc warrior barely misses you.
You closely miss the orc warrior.
The orc warrior hits you with a +0 war axe.
* * * LOW HITPOINT WARNING * * *
You hit the orc warrior.
An orc comes into view. It is wielding a +0 club.
The orc warrior completely misses you.
You barely miss the orc warrior.
The orc shouts!
The orc warrior looks more healthy.
The orc warrior closely misses you.
You punch the orc warrior!
The orc warrior hits you with a +0 war axe!
* * * LOW HITPOINT WARNING * * *
You barely miss the orc warrior. Your punch misses the orc warrior.
The orc warrior hits you with a +0 war axe!
You die...

###################
#.................. .
#.................. ..
#.................. [.
###.##...##........
##o########...####'#####
#..((...............#
#....o..............#
#.....oh.........)..#
#...................#
#################'####
...............#
...............#
...............#
...............+
...............#
...............#


You could see an orc warrior and 2 orcs.

Vanquished Creatures
  A centaur (D:6)
  A scorpion (D:4)
  An orc priest (D:3)
  Robin (D:1)
  4 adders
  A white imp (D:4)
  3 dart slugs
  12 orcs (D:3)
  8 bats
  6 endoplasms
  4 giant cockroaches
  15 goblins
  7 hobgoblins
  2 jackals (D:1)
  5 kobolds
  2 quokkas (D:1)
  4 ball pythons
  6 frilled lizards
  5 rats
88 creatures vanquished.

Notes
Turn   | Place    | Note
-------+----------+-------------------------------------------
     0 | D:1      | James the Draconian Shapeshifter began the quest for the
                  | Orb.
     0 | D:1      | Reached XP level 1. HP: 16/16 MP: 1/1
   103 | D:1      | Reached XP level 2. HP: 22/23 MP: 2/2
   410 | D:1      | Reached XP level 3. HP: 29/29 MP: 3/3
   805 | D:2      | Noticed Robin
   835 | D:1      | Killed Robin
   850 | D:2      | Reached skill level 4 in Unarmed Combat
   883 | D:2      | Reached XP level 4. HP: 29/36 MP: 4/4
  1519 | D:3      | Found a runed translucent gate.
  1520 | D:3      | Found a runed translucent gate.
  1521 | D:3      | Found a runed translucent gate.
  1523 | D:3      | Noticed tish's ghost (amateur KoBr)
  1807 | D:3      | Found a runed translucent door.
  1808 | D:3      | Noticed Crazy Yiuf
  1916 | D:3      | Reached XP level 5. HP: 41/41 MP: 5/5
  2323 | D:4      | Found Tezxeybuel's Antique Weapon Shoppe.
  2338 | D:4      | Reached skill level 5 in Unarmed Combat
  2374 | D:4      | You fall into a shaft and drop 2 floors!
  2379 | D:6      | Noticed a centaur
  2397 | D:6      | Killed a centaur
  2398 | D:6      | Reached skill level 6 in Unarmed Combat
  2398 | D:6      | Reached XP level 6. HP: 11/50 MP: 6/6
  2426 | D:6      | Noticed an orc warrior
  2436 | D:6      | Slain by an orc warrior

Illustrated notes

Levels and vault maps discovered:
D:1:      scummos_arrival_forest, layout_basic, st_stairs_12, minmay_liquid_box
D:2:      layout_basic, uniq_robin
D:3:      layout_basic, gammafunk_ghost_split, uniq_crazy_yiuf_cottage
D:4:      layout_cave_pools, minmay_temple_entry_mini_moons,
          serial_column_ruins, column_ruins_temple_hut, column_ruins_open_large,
          column_ruins_corridor_straight, column_ruins_open_tiny,
          column_ruins_grid_1, column_ruins_grid_1, column_ruins_grid_1,
          column_ruins_grid_1, serial_shops,
          nicolae_shop_temple_entry_statues_fountains, portal_sewer_entry_e
D:6:      layout_gridville, hangedman_decor_diamond_cutter

Skill      XL: |  1  2  3  4  5 |
---------------+----------------+-----
Dodging        | 2 |  2.0
Fighting       | 2 |  2.5
Unarmed Combat | 4 6 |  6.0
Shapeshifting  | 4 |  4.0

Action                     |  1- 3 |  4- 6 || total
---------------------------+-------+-------++-------
  Melee: Unarmed           |   106 |   129 ||   235
         Tailslap          |     5 |    20 ||    25
         Punch             |       |     3 ||     3
  Throw: Dart              |       |     3 ||     3
    Use: Scroll            |       |     8 ||     8
         Potion            |       |     1 ||     1
 Armour: Skin              |    44 |    67 ||   111
  Dodge: Dodged            |    50 |    94 ||   144

Table legend: (Time is in decaauts)
 A = Elapsed time spent in this place.
 B = Non-inter-level travel time spent in this place.
 C = Inter-level travel time spent in this place.
 D = Time resting spent in this place.
 E = Time spent auto-exploring this place.
 F = Levels seen in this place.
 G = Mean time per level.
                   A        B        C        D        E       F      G
               +--------+--------+--------+--------+--------+-----+--------+
         Total |   2418 |   2286 |    132 |      6 |   1600 |   5 |  483.6 |
       Dungeon |   2418 |   2286 |    132 |      6 |   1600 |   5 |  483.6 |
               +--------+--------+--------+--------+--------+-----+--------+

Top non-repeatable levels by time:
     D:3: 934 daAuts
     D:1: 792 daAuts
     D:2: 569 daAuts
     D:4: 62 daAuts
     D:6: 60 daAuts
